cohdb
Replays
Latest Replays
All Replays
Popular Replays
Top Player Replays
Match Explorer
How It Works
Community
CoH3 Stats
Reddit
Sign in to upload your games and track your stats! →
Sign in with Steam
Match 45692991
Unlisted
Match 45692991
Overview
Messages
Build Orders
End
Construct Section Command Post
Infantry Section
Infantry Section
Infantry Section
Infantry Section
Infantry Section
Selects Heavy Armor Battlegroup
Selects Light Vehicle Withdraw and Refit
Construct Field Infirmary
Construct Platoon Command Post
Selects UNKNOWN (202330)
Humber Armored Car
Infantry Section
Selects Recon Artillery
Construct Company Command Post
Selects Rigorous Vehicle Training
Selects Rigorous Vehicle Training
Selects Forward Repair Assembly
Selects UNKNOWN (2162094)
Matilda II Heavy Tank
ΛLEXET
ZOCKER748
BIOHAZARD
john_wik
0
0
Comments
sign in to comment!
No comments posted yet!